 Dungeon Crawl Stone Soup version 0.16-a0-4127-g24fbb24 (webtiles) character file.

6864 Medar the Slicer (level 10, -1/73 HPs)
             Began as a Mummy Hunter on Mar 2, 2015.
             Was a Priest of Okawaru.
             Slain by a blink frog (12 damage)
             ... on level 1 of the Lair of Beasts.
             The game lasted 00:34:05 (13125 turns).

Medar the Slicer (Mummy Hunter)                    Turns: 13125, Time: 00:34:05

Health: -1/73      AC: 11    Str: 18    XL:     10   Next: 78%
Magic:  16/16      EV: 12    Int: 10    God:    Okawaru [***...]
Gold:   154        SH:  0    Dex: 12    Spells: 0 memorised, 9 levels left

rFire  x . .     SeeInvis .     b - +1 hand crossbow
rCold  + . .     Clarity  .     j - +3 ring mail (curse)
rNeg   + + +     SustAb   .     (no shield)
rPois  ∞         Gourm    .     (no helmet)
rElec  .         Spirit   .     t - +0 cloak (curse)
rCorr  .         Warding  .     (no gloves)
rMut   .         Stasis   .     x - +0 pair of boots (curse)
MR     +....                    (no amulet)
Stlth  +.........               (no ring)
                                (no ring)

@: about to teleport, somewhat resistant to hostile enchantments, very
unstealthy
A: no food or potions, fire vulnerability, restore body, cold resistance 1,
negative energy resistance 3, poison resistance, torment resistance, unbreathing
a: Heroism, Renounce Religion


You were on level 1 of the Lair of Beasts.
You worshipped Okawaru.
Okawaru was most pleased with you.
You were not hungry.

You visited 2 branches of the dungeon, and saw 9 of its levels.
You also visited: Ossuary.

You collected 490 gold pieces.
You spent 336 gold pieces at shops.

Inventory:

Hand weapons
 a - a +1 dagger of electrocution
 b - a +1 hand crossbow (weapon)
 c - a cursed +0 blowgun
 d - a cursed +0 rapier
 s - a +2 quarterstaff of chaos
 B - a +0 great sword
Missiles
 l - 10 poisoned needles
 m - 3 throwing nets {=f =F}
 o - 5 curare-tipped needles
 p - 9 bolts
 F - 7 bolts of frost (quivered)
Armour
 j - a cursed +3 ring mail (worn)
 t - a cursed +0 cloak (worn)
 v - a cursed +0 plate armour
 x - a cursed +0 pair of boots (worn)
Jewellery
 q - a cursed ring of teleportation
Magical devices
 e - a wand of flame (3)
 r - a wand of random effects (19)
 w - a wand of teleportation (4)
Scrolls
 f - a scroll of enchant weapon
 g - a scroll of amnesia
 h - 2 scrolls of enchant armour
 i - 2 scrolls of fog
 k - 2 scrolls of teleportation
 u - a scroll of noise
 y - 2 scrolls of recharging
 z - a scroll of random uselessness {unknown}
 C - a scroll of remove curse {@r1}
 E - a scroll of blinking
Books
 n - a book of Clouds

   Spells                             Type                      Level
   a - Mephitic Cloud                 Conjuration/Poison/Air       3
   b - Conjure Flame                  Conjuration/Fire             3
   c - Poisonous Cloud                Conjuration/Poison/Air       6
   d - Freezing Cloud                 Conjuration/Ice/Air          6
   e - Ring of Flames                 Charms/Fire                  7
 A - a book of Transfigurations

   Spells                             Type                      Level
   a - Stoneskin                      Transmutation/Earth          2
   b - Irradiate                      Conjuration/Transmutation    5
   c - Statue Form                    Transmutation/Earth          6
   d - Hydra Form                     Transmutation                6
   e - Dragon Form                    Transmutation                7
 D - a book of Cantrips

   Spells                             Type                      Level
   a - Corona                         Hexes                        1
   b - Animate Skeleton               Necromancy                   1
   c - Summon Small Mammal            Summoning                    1
   d - Apportation                    Translocation                1


   Skills:
 + Level 4.9 Fighting
 * Level 9.6 Short Blades
 + Level 7.6 Crossbows
 + Level 3.6 Armour
 + Level 4.1 Dodging
 - Level 0.7 Stealth
 - Level 3.3 Invocations


You had 9 spell levels left.
You didn't know any spells.

Dungeon Overview and Level Annotations

Branches:
Dungeon (8/15)             Temple (0/1) D:6            Lair (1/8) D:8

Altars:
Elyvilon
Makhleb
Okawaru
Sif Muna
Trog
Vehumet
Xom

Shops:
D:7 ((!}

Annotations:
D:8 Erolcha


Innate Abilities, Weirdness & Mutations

You do not eat or drink.
Your flesh is vulnerable to fire.
Your flesh is cold resistant.
You are immune to negative energy.
Your system is resistant to poisons.
You are immune to unholy pain and torment.
You can survive without breathing.


Message History

Aim: a blink frog You shoot a bolt of frost.
The blink frog momentarily phases out as the bolt of frost passes through it. x2
The blink frog is no longer moving slowly.
The blink frog hits you but does no damage.
The blink frog hits you! The blink frog hits you.
The blink frog blinks!
Firing (i - inventory. (,) - cycle):
F - 8 bolts of frost (quivered)
Press: ? - help, Shift-Dir - straight line, f/p - blink frog
Aim: a blink frog You shoot a bolt of frost.
The bolt of frost hits the blink frog!
The bolt of frost freezes the blink frog.
The blink frog is moderately wounded.
The blink frog hits you!
Read which item? (? for menu, Esc to quit)
As you read the scroll of teleportation, it crumbles to dust.
You feel strangely unstable. The blink frog hits you! The blink frog hits you!
* * * LOW HITPOINT WARNING * * *
The blink frog blinks!
The blink frog blinks!
The blink frog hits you!
You die...

##..##..# ##..##P..# #P..##..#
#..##..# #...###..# ##..# ..#
#..#...# #P..# #..# #..# ..#
#..##..# ##..###..# ##..# ...
##..##..# #...##..# #...# F.#
#...##..# #..###..# ##..# ..#
##..##..# #..# #..# #..# F.(
#...##..# ##..# #.?####..# .
...#..##..####..@###..#.##..##...
................FF....(.(.†.....(
..................§...F(.........
####..#.##P.#####.######.###..#P.
########## ### ### ### #


You could see 3 blink frogs.

Vanquished Creatures
  Pikel (D:4)
  An elephant (D:8)
  Prince Ribbit (D:5)
  A blink frog (Lair:1)
  10 yaks
  Eustachio (D:4)
  Menkaure (D:4)
  2 porcupines (Lair:1)
  A swamp drake (Lair:1)
  A slave (D:4)
  3 sky beasts
  2 ogres
  2 ice beasts (D:7)
  3 orc warriors
  3 centaurs
  2 crocodiles
  A phantom (D:8)
  Sigmund (D:5)
  The ghost of timbw the Chiller, an average HEIE (D:5)
  6 giant frogs
  2 scorpions
  2 crimson imps
  3 goliath beetles
  3 hounds
  5 orc priests
  2 giant frog zombies
  9 orc wizards
  Crazy Yiuf (D:5)
  5 centaur zombies (Ossuary)
  A quasit (D:5)
  Natasha (D:6)
  An iguana (D:8)
  5 worker ants
  3 big kobold zombies (Ossuary)
  Ijyb (D:2)
  A sheep (D:8)
  A hound skeleton (D:4)
  2 hound zombies
  6 mummies (Ossuary)
  Robin (D:2)
  13 adders
  A gnoll (D:4)
  A shadow imp (D:7)
  9 worms
  An adder skeleton (D:7)
  An adder zombie (D:8)
  A giant gecko (D:6)
  30 orcs
  4 ball pythons
  2 bat skeletons
  5 giant cockroaches
  24 goblins
  24 hobgoblins
  7 jackals
  4 quokkas
  A ball python skeleton (D:5)
  18 bats
  3 giant newts
  3 hobgoblin zombies (Ossuary)
  10 kobolds
  A quokka skeleton (D:5)
  14 rats
  A bush (D:5)
  A plant (Lair:1)
278 creatures vanquished.

Vanquished Creatures (others)
  A slave (D:5)
  An orc priest (D:5)
  A worker ant (D:4)
  A worm (D:4)
  An orc (D:5)
  A bat (D:4)
6 creatures vanquished.

Grand Total: 284 creatures vanquished

Notes
Turn   | Place    | Note
--------------------------------------------------------------
     0 | D:1      | Medar, the Mummy Hunter, began the quest for the Orb.
     0 | D:1      | Reached XP level 1. HP: 16/16 MP: 1/1
   233 | D:1      | Reached XP level 2. HP: 19/22 MP: 2/2
   312 | D:1      | Reached skill level 1 in Short Blades
   970 | D:2      | Reached XP level 3. HP: 20/27 MP: 3/3
  1168 | D:2      | Noticed Ijyb
  1183 | D:2      | Killed Ijyb
  1400 | D:2      | Reached XP level 4. HP: 18/33 MP: 4/4
  1600 | D:2      | Noticed a moth of wrath
  1602 | D:2      | Noticed Robin
  1866 | D:2      | Killed Robin
  2160 | D:2      | Found a bloodstained altar of Trog.
  2702 | D:2      | Reached XP level 5. HP: 33/38 MP: 5/5
  3191 | D:2      | Reached skill level 4 in Short Blades
  3699 | D:3      | Reached XP level 6. HP: 44/44 MP: 6/6
  4598 | D:4      | Noticed Eustachio
  4606 | D:4      | Killed Eustachio
  4606 | D:4      | Reached skill level 5 in Short Blades
  4606 | D:4      | Reached XP level 7. HP: 50/50 MP: 7/7
  4685 | D:4      | Found an iron altar of Okawaru.
  4730 | D:4      | Became a worshipper of Warmaster Okawaru
  4976 | D:4      | Noticed Menkaure
  4998 | D:4      | Killed Menkaure
  4998 | D:4      | Reached skill level 5 in Crossbows
  5732 | D:4      | Noticed Pikel
  6053 | D:4      | Killed Pikel
  6053 | D:4      | Reached skill level 6 in Short Blades
  6053 | D:4      | Reached XP level 8. HP: 39/56 MP: 8/8
  6462 | D:5      | Entered Level 5 of the Dungeon
  6469 | D:5      | Acquired Okawaru's first power
  6514 | D:5      | Noticed timbw's ghost (average HEIE)
  6669 | D:5      | Reached skill level 1 in Invocations
  7387 | D:5      | Noticed Sigmund
  7396 | D:5      | Killed Sigmund
  7449 | D:5      | Found a burning altar of Makhleb.
  7568 | D:5      | Noticed Prince Ribbit
  7578 | D:5      | Killed Prince Ribbit
  7578 | D:5      | Reached skill level 7 in Short Blades
  7578 | D:5      | Reached XP level 9. HP: 45/61 MP: 11/14
  7875 | D:5      | Killed timbw's ghost
  8147 | D:5      | Noticed Crazy Yiuf
  8159 | D:5      | Killed Crazy Yiuf
  8791 | D:6      | Found a staircase to the Ecumenical Temple.
  9188 | D:6      | Noticed Natasha
  9196 | D:6      | Killed Natasha
  9275 | D:6      | Reached skill level 1 in Armour
  9324 | D:6      | Found a radiant altar of Vehumet.
  9332 | D:6      | Found a deep blue altar of Sif Muna.
  9338 | D:6      | Found a shimmering altar of Xom.
  9551 | D:7      | Reached skill level 8 in Short Blades
  9827 | D:7      | Found Ebu Wuf's Distillery.
  9870 | D:7      | Found Nuleniug's Gadget Shop.
  9913 | D:7      | Bought a wand of teleportation (4) for 336 gold pieces
 10039 | D:7      | Found Sighaw's Weapon Shop.
 10138 | D:7      | Found Nask's Antique Weapon Emporium.
 10477 | D:8      | Found a sand-covered staircase.
 10511 | Ossuary  | Entered an ossuary
 10936 | Ossuary  | Reached XP level 10. HP: 65/70 MP: 16/16
 11097 | D:8      | Found a white marble altar of Elyvilon.
 11167 | D:8      | Found a staircase to the Lair.
 11168 | D:8      | Noticed an elephant
 11515 | D:8      | Killed an elephant
 11913 | D:8      | Reached skill level 9 in Short Blades
 12062 | Lair:1   | Entered Level 1 of the Lair of Beasts
 12374 | D:8      | Noticed Erolcha
 12646 | Lair:1   | Received a gift from Okawaru
 13125 | Lair:1   | Slain by a blink frog

Action                   |  1- 3 |  4- 6 |  7- 9 | 10-12 || total
-------------------------+-------+-------+-------+-------++-------
Melee: Short sword       |   108 |   268 |       |       ||   376
       Rapier            |       |       |   399 |       ||   399
       Dagger            |       |       |   440 |   269 ||   709
 Fire: Hand crossbow     |    37 |    50 |    37 |    35 ||   159
       Blowgun           |       |       |     2 |       ||     2
Invok: Heroism           |       |       |     7 |     3 ||    10
Evoke: Wand              |       |       |     9 |     1 ||    10
  Use: Scroll            |     1 |     6 |     3 |     3 ||    13
